 Dungeon Crawl Stone Soup version 0.22.1-2-g9c5b331383 (webtiles) character file.

16 Descartes the Insei (level 2, 0/14 HPs)
             Began as a Vine Stalker Transmuter on Dec 9, 2018.
             Succumbed to an adder's poison
             ... on level 1 of the Dungeon.
             The game lasted 00:02:56 (800 turns).

Descartes the Insei (Vine Stalker Transmuter)        Turns: 800, Time: 00:02:57

Health: 0/14       AC:  2    Str: 12    XL:     2   Next: 58%
Magic:  0/6        EV: 12    Int: 13    God:
Gold:   19         SH:  0    Dex: 14    Spells: 2/5 levels left

rFire    . . .     SeeInvis +     - Unarmed
rCold    . . .     Gourm    .   (no shield)
rNeg     . . .     Faith    .   b - +0 robe
rPois    .         Spirit   +   (no helmet)
rElec    .         Reflect  .   (no cloak)
rCorr    .         Harm     .   (no gloves)
MR       .....                  (no boots)
Stlth    ++........             (no amulet)
HPRegen  0.04/turn              h - ring of see invisible
MPRegen  0.10/turn              (no ring)

@: lethally poisoned (0 -> -9)
A: fangs 2, magic shield, antimagic bite, no potion heal 3, rot immunity
a: no special abilities


You were on level 1 of the Dungeon.
You were not hungry.

You visited 1 branch of the dungeon, and saw 2 of its levels.

You collected 19 gold pieces.

Inventory:

Missiles
 a - 12 arrows
 m - 18 sling bullets
 n - 7 javelins (quivered)
Armour
 b - a +0 robe (worn)
Jewellery
 h - a ring of see invisible (left hand)
Scrolls
 f - a scroll of identify {unknown}
 g - a scroll of immolation {unknown}
 j - a scroll of remove curse
 l - a scroll of amnesia {unknown}
 o - a scroll of teleportation {unknown}
Potions
 e - a potion of brilliance {unknown}
 i - 2 potions of flight {unknown}
 k - 2 potions of degeneration {unknown}
Comestibles
 c - a chunk of flesh
 d - 5 rations


   Skills:
 - Level 0.8 Fighting
 + Level 1.7 Dodging
 * Level 0.5 Stealth
 * Level 3.2 Unarmed Combat
 + Level 2.3 Spellcasting
 * Level 2.3 Transmutations


You had 2 spell levels left.
You knew the following spells:

 Your Spells              Type           Power        Failure   Level  Hunger
a - Beastly Appendage     Tmut           #.....       10%         1    #......
b - Sticks to Snakes      Tmut           #.......     14%         2    ###....

Your spell library contained the following spells:

 Spells                   Type           Power        Failure   Level  Hunger
 Spider Form              Tmut/Pois      #.........   41%         3    ###....
 Ice Form                 Ice/Tmut       #.......     83%         4    #####..
 Blade Hands              Tmut           #.........   95%         5    ######.


Dungeon Overview and Level Annotations

Branches:
Dungeon (2/15)

Altars:


Innate Abilities, Weirdness & Mutations

You have extremely sharp teeth.
When hurt, damage is shared between your health and your magic reserves.
Your bite disrupts and absorbs the magic of your enemies.
Potions cannot restore your health.
You are immune to rotting.


Message History

The adder is heavily wounded.
You feel sick. The adder bites you.
* * * LOW HITPOINT WARNING * * *
You hit the adder.
The adder is severely wounded.
The adder bites you but does no damage.
* * * LOW HITPOINT WARNING * * *
You feel sick. The adder closely misses you.
A gnoll comes into view. It is wielding a flail.
* * * LOW HITPOINT WARNING * * *
You feel sick. The adder bites you but does no damage.
* * * LOW HITPOINT WARNING * * *
You feel sick. The adder misses you.
You see here a frilled lizard skeleton.
There is a stone staircase leading up here.
The adder closely misses you. The adder bites you.
You are more poisoned.
The adder poisons you!
You climb upwards.
You die...

#...............###.#### ##.
.......##.......# #....## #..
.......##.......######..#######.#
................#.....#.##......#
.......##...................#####
.......#..###.#.........#...#
###.##.....##.#...........#.#####
.##.####.#.##.#..........##....#.
.##.# #.#.##.#S@.........####...
....####.#.##.#.........#........
.#..##...#..#.#.........#######..
.#.....#......#.........# ##.
.###.##.................# #. .#
#.#..................# #. ##
#.#..................# ##
####.#........)........##
...#.#................##


You could see an adder.

Vanquished Creatures
  A leopard gecko (D:1)
  2 goblins (D:1)
  2 hobgoblins (D:1)
  3 jackals (D:1)
  2 bats (D:1)
  2 frilled lizards (D:2)
  A kobold (D:2)
  A rat (D:1)
14 creatures vanquished.

Notes
Turn   | Place    | Note
-------+----------+-------------------------------------------
     0 | D:1      | Descartes the Vine Stalker Transmuter began the quest for
                  | the Orb.
     0 | D:1      | Reached XP level 1. HP: 9/9 MP: 4/4
   172 | D:1      | Reached XP level 2. HP: 9/14 MP: 3/6
   756 | D:2      | Learned a level 2 spell: Sticks to Snakes
   800 | D:1      | Succumbed to an adder's poison

Action                   || total
-------------------------++-------
Melee: Unarmed           ||    51
       Bite              ||     6
       Kick              ||     3
       Headbutt          ||     2
 Cast: Beastly Appendage ||     4
  Use: Scroll            ||     1
Armor: Robe              ||     7
Dodge: Dodged            ||    36
